[Event "Titled Tuesday Blitz October 25 Early 2022"]
[White "Perez Ponsa, Federico"]
[Black "Maghsoodloo, Parham"]
[WhiteFideId "117927"]
[BlackFideId "12539929"]
[WhiteElo "2604"]
[BlackElo "2676"]
[Result "0-1"]
[Round "04"]
[TimeControl "180+1"]
[Date "2022.10.25"]
[WhiteClock "0:00:10"]
[BlackClock "0:00:15"]

1. e4 c5 2. Nf3 e6 3. g3 a6 4. Bg2 b5 5. d4 cxd4 6. Nxd4 Bb7 7. O-O Nc6 8. a4 Nge7 9. Nb3 Ng6 10. Nc3 b4 11. Nd5 exd5 12. exd5 Nce5 13. f4 Bd6 14. fxe5 Nxe5 15. Bf4 O-O 16. Nd4 g6 17. Kh1 f6 18. b3 Bc5 19. Qd2 Qb6 20. a5 Qa7 21. Be3 Rae8 22. Rae1 Qa8 23. Nf5 Bxe3 24. Nxe3 f5 25. Qxb4 Qa7 26. Qb6 Qxb6 27. axb6 d6 28. c4 Nd7 29. b4 Re5 30. Nc2 Rc8 31. Na3 Rxe1 32. Rxe1 Nxb6 33. Bf1 Kf7 34. Kg1 Re8 35. Rb1 Nd7 36. b5 a5 37. b6 Ba6 38. c5 Bxf1 39. c6 Nxb6 40. Rxb6 Bd3 41. Rb3 Be4 42. c7 Rc8 43. Nb5 Ke7 44. Rc3 Kd7 45. Rc6 Bd3 46. Rxd6+ Ke7 47. Re6+ Kd7 48. Rd6+ Ke7 49. Re6+ Kf8 50. Rb6 Bxb5 51. Rxb5 Rxc7 52. Rxa5 Ke7 53. Ra6 Rd7 54. Re6+ Kf7 55. Re5 Rd6 56. Kg2 Kf6 57. Re2 Rxd5 58. Ra2 Rd7 59. h4 Kg7 60. Rb2 Kh6 61. Rc2 Kh5 62. Rb2 Rd4 63. Kh3 Rd3 64. Kg2 Re3 65. Rc2 Kg4 66. Rc4+ Re4 67. Rc3 Re2+ 68. Kf1 Rd2 69. Ke1 Ra2 70. Kf1 Kh3 71. Rd3 Kh2 72. Rd7 h5 73. Rg7 Ra6 74. Kf2 Kh3 75. Kf3 Ra3+ 76. Kf4 Rxg3 77. Rd7 Rg4+ 78. Kf3 Kxh4 79. Rd1 Kg5 80. Kf2 h4 81. Kf3 Rg3+ 82. Kf2 f4 83. Rd5+ Kg4 84. Rd6 g5 85. Rd8 h3 86. Rh8 Rg2+ 87. Kf1 Kg3 88. Rh7 g4 89. Rh6 f3 90. Rh5 h2 0-1


[Site "https://www.chess.com"]

[Event "Titled Tuesday Blitz October 25 Early 2022"]
[White "Pranav, V"]
[Black "Lewtak, Damian"]
[WhiteFideId "25060783"]
[BlackFideId "1141724"]
[WhiteElo "2430"]
[BlackElo "2329"]
[Result "0-1"]
[Round "04"]
[TimeControl "180+1"]
[Date "2022.10.25"]
[WhiteClock "0:00:02"]
[BlackClock "0:00:06"]

1. e4 d5 2. exd5 Qxd5 3. Nc3 Qd8 4. d4 g6 5. Nf3 Bg7 6. Bf4 Nf6 7. Qd2 h6 8. O-O-O Nc6 9. h3 Nb4 10. Be5 c6 11. Bc4 Nbd5 12. Rhe1 O-O 13. Bxd5 Nxd5 14. Bxg7 Kxg7 15. Ne5 f6 16. Nd3 Bf5 17. Nc5 b6 18. Ne6+ Bxe6 19. Rxe6 Qd7 20. Rde1 Rf7 21. h4 h5 22. g3 Rd8 23. Qe2 Kf8 24. Qe4 f5 25. Qe5 Rf6 26. Nxd5 Rxe6 27. Qxe6 Qxd5 28. Qxg6 Rd6 29. Qxh5 Qxd4 30. Qe2 e5 31. Rd1 Qc5 32. Rxd6 Qxd6 33. Qh5 Qe6 34. b3 e4 35. Qh8+ Kf7 36. Kb2 a5 37. h5 Qf6+ 38. Qxf6+ Kxf6 39. Kc3 Kg5 40. g4 e3 41. f3 fxg4 42. fxg4 Kxg4 43. h6 Kf3 44. h7 e2 45. h8=Q e1=Q+ 46. Kb2 Qe4 47. Qh1+ Kf4 48. Qh4+ Kf3 49. Qh5+ Ke3 50. Qg5+ Ke2 51. Qh5+ Ke1 52. Qh8 Ke2 53. Qc3 c5 54. Qg7 Qd4+ 55. Qxd4 cxd4 56. Kc1 Ke1 57. a3 b5 58. a4 b4 59. c4 dxc3 60. Kc2 Ke2 61. Kc1 Kd3 62. Kb1 Kd2 0-1


[Site "https://www.chess.com"]

[Event "Titled Tuesday Blitz October 25 Early 2022"]
[White "Pultinevicius, Paulius"]
[Black "Peyrer, Konstantin"]
[WhiteFideId "12809390"]
[BlackFideId "1640879"]
[WhiteElo "2500"]
[BlackElo "2415"]
[Result "1-0"]
[Round "04"]
[TimeControl "180+1"]
[Date "2022.10.25"]
[WhiteClock "0:00:55"]
[BlackClock "0:00:54"]

1. d4 Nf6 2. c4 g6 3. Nc3 Bg7 4. e4 d6 5. Nf3 O-O 6. Be2 c5 7. O-O cxd4 8. Nxd4 Nc6 9. Be3 Bd7 10. f3 Qa5 11. Nb3 Qd8 12. Rc1 a6 13. Qd2 Na5 14. Nd4 Rc8 15. b3 Nc6 16. Rfd1 Nxd4 17. Bxd4 Bc6 18. b4 Bd7 19. Kh1 Be6 20. Nd5 Bxd5 21. cxd5 Nd7 22. Rxc8 Qxc8 23. Rc1 Qb8 24. Bxg7 Kxg7 25. Qc3+ Kg8 26. Qc7 Ne5 27. f4 Nc6 28. Qxb8 Nxb8 29. Rc7 e6 30. Bc4 exd5 31. Bxd5 Nc6 32. Rxb7 Nd4 33. Rd7 h5 34. h4 Ne2 35. Rxd6 Nxf4 36. Rxa6 Nxd5 37. exd5 Re8 38. b5 Re4 39. b6 Rxh4+ 40. Kg1 Kg7 41. a4 Rb4 42. a5 Rb5 43. Ra7 Kf6 44. b7 Ke5 45. a6 Kxd5 46. Ra8 1-0


[Site "https://www.chess.com"]

[Event "Titled Tuesday Blitz October 25 Early 2022"]
[White "Sarana, Alexey"]
[Black "Faizrakhmanov, Ramil"]
[WhiteFideId "24133795"]
[BlackFideId "24103209"]
[WhiteElo "2689"]
[BlackElo "2421"]
[Result "1-0"]
[Round "04"]
[TimeControl "180+1"]
[Date "2022.10.25"]
[WhiteClock "0:00:06"]
[BlackClock "0:00:02"]

1. c4 Nf6 2. Nc3 e5 3. Nf3 Nc6 4. g3 Bb4 5. Nd5 Bc5 6. Bg2 O-O 7. O-O d6 8. e3 Bg4 9. h3 Bh5 10. g4 Bg6 11. Nh4 Nxd5 12. cxd5 Qxh4 13. dxc6 bxc6 14. d4 exd4 15. exd4 Bb6 16. Bf4 Qf6 17. Be3 d5 18. Rc1 Rae8 19. Qd2 Be4 20. f3 Bd3 21. g5 Qg6 22. Rfe1 Re6 23. Bf2 Rfe8 24. Rxe6 Rxe6 25. Re1 Bf5 26. h4 h6 27. Rxe6 Bxe6 28. b4 hxg5 29. hxg5 Bf5 30. f4 Qe6 31. a4 a6 32. a5 Ba7 33. Bf1 Be4 34. Qe3 Qg4+ 35. Kh2 Qh5+ 36. Kg3 Qh1 37. Qe2 g6 38. Be3 Kg7 39. Qf2 Kg8 40. Bxa6 Qb1 41. Qd2 Qh1 42. Qf2 Qb1 43. Qd2 Qh1 44. Qe2 Qb1 45. b5 cxb5 46. Bxb5 Qb4 47. a6 Bxd4 48. Bd3 Bxe3 49. Qxe3 Qa3 50. a7 Bxd3 51. Qe8+ Kg7 52. a8=Q Ba6+ 53. Kh4 1-0


[Site "https://www.chess.com"]

[Event "Titled Tuesday Blitz October 25 Early 2022"]
[White "Svane, Frederik"]
[Black "Paravyan, David"]
[WhiteFideId "12923044"]
[BlackFideId "4194985"]
[WhiteElo "2466"]
[BlackElo "2555"]
[Result "1/2-1/2"]
[Round "04"]
[TimeControl "180+1"]
[Date "2022.10.25"]
[WhiteClock "0:00:30"]
[BlackClock "0:00:27"]

1. e4 e5 2. Nf3 Nf6 3. Nc3 Nc6 4. h3 d5 5. exd5 Nxd5 6. Bb5 Nxc3 7. bxc3 Bd6 8. O-O O-O 9. d4 Bd7 10. Re1 Nxd4 11. cxd4 Bxb5 12. dxe5 Bb4 13. Bd2 Bxd2 14. Nxd2 Bc6 15. Nc4 Qg5 16. Qg4 Qxg4 17. hxg4 b6 18. Rad1 Rad8 19. Ne3 Rfe8 20. Nf5 Kf8 21. f4 Ba4 22. Ne3 c5 23. Kf2 Rd4 24. Rxd4 cxd4 25. Nf5 Rd8 26. Re4 Bxc2 27. Rxd4 Rxd4 28. Nxd4 Be4 29. g3 Ke7 30. Ke3 Bd5 31. Nf5+ Kd7 32. a3 Be6 33. Nd6 f6 34. g5 fxe5 35. fxe5 a6 36. Kd4 Ke7 37. Ke4 Kd7 38. Kd4 Ke7 39. Ke4 Kd7 40. Kd4 1/2-1/2


[Site "https://www.chess.com"]

[Event "Titled Tuesday Blitz October 25 Early 2022"]
[White "Vachylia, Andrii"]
[Black "Madaminov, Mukhiddin"]
[WhiteFideId "14137224"]
[BlackFideId "14210703"]
[WhiteElo "2318"]
[BlackElo "2341"]
[Result "0-1"]
[Round "04"]
[TimeControl "180+1"]
[Date "2022.10.25"]
[WhiteClock "0:00:13"]
[BlackClock "0:00:19"]

1. e4 e5 2. Nf3 Nc6 3. Bb5 Nf6 4. O-O Bc5 5. d3 d6 6. Nc3 h6 7. h3 O-O 8. Be3 Bb6 9. Bxb6 axb6 10. d4 Qe7 11. Re1 Bd7 12. Nd5 Qd8 13. Nxf6+ Qxf6 14. Bxc6 Bxc6 15. dxe5 dxe5 16. b3 Rfd8 17. Qc1 Qe7 18. Qb2 f6 19. Nh4 Qb4 20. c3 Qd6 21. Re2 Bb5 22. Nf5 Qa3 23. c4 Bd7 24. Qc2 Bxf5 25. exf5 Rd4 26. Rd1 Rad8 27. Rxd4 Rxd4 28. Rd2 Qb4 29. Rxd4 Qe1+ 30. Kh2 exd4 31. Kg3 Qc3+ 0-1


[Site "https://www.chess.com"]

[Event "Titled Tuesday Blitz October 25 Early 2022"]
[White "Wagner, Dennis"]
[Black "Shankland, Sam"]
[WhiteFideId "24650684"]
[BlackFideId "2004887"]
[WhiteElo "2470"]
[BlackElo "2612"]
[Result "0-1"]
[Round "04"]
[TimeControl "180+1"]
[Date "2022.10.25"]
[WhiteClock "0:00:01"]
[BlackClock "0:00:46"]

1. e4 c5 2. Nf3 d6 3. Bb5+ Bd7 4. c4 Nf6 5. Nc3 g6 6. d4 cxd4 7. Nxd4 Bg7 8. O-O O-O 9. Bxd7 Nbxd7 10. Be3 a6 11. b3 Qa5 12. Rc1 Rfc8 13. Qe2 Ne5 14. h3 e6 15. f4 Nc6 16. Rfd1 Rab8 17. Nxc6 Rxc6 18. a4 b5 19. axb5 axb5 20. Nxb5 Nxe4 21. Bd4 d5 22. Bxg7 Kxg7 23. Nd4 Rcc8 24. cxd5 Rxc1 25. Rxc1 Qxd5 26. Qb2 Nf6 27. b4 e5 28. fxe5 Qxe5 29. b5 Rd8 30. Rd1 Qc5 31. b6 Rb8 32. b7 Ne4 33. Kh1 Kh6 0-1


[Site "https://www.chess.com"]

[Event "Titled Tuesday Blitz October 25 Early 2022"]
[White "Yeremyan, Alen"]
[Black "Eljanov, Pavel"]
[WhiteFideId "13308998"]
[BlackFideId "14102951"]
[WhiteElo "2159"]
[BlackElo "2601"]
[Result "1-0"]
[Round "04"]
[TimeControl "180+1"]
[Date "2022.10.25"]
[WhiteClock "0:01:08"]
[BlackClock "0:00:08"]

1. c4 Nf6 2. g3 e6 3. Bg2 d5 4. Nf3 Be7 5. O-O O-O 6. d4 dxc4 7. Ne5 Nc6 8. Nxc6 bxc6 9. Bxc6 Rb8 10. e3 e5 11. dxe5 Qxd1 12. Rxd1 Ng4 13. f4 Bc5 14. Re1 Rd8 15. h3 Nh6 16. g4 f6 17. exf6 gxf6 18. Nc3 Bb4 19. Kf2 Nf7 20. Re2 Bb7 21. Bxb7 Rxb7 22. Ne4 Kg7 23. Bd2 Bxd2 24. Nxd2 Nd6 25. Rc1 Rxb2 26. Nxc4 Ne4+ 27. Kf3 Rxe2 28. Kxe2 h5 29. Kf3 Nc5 30. Na5 Ne6 31. Rc2 h4 32. Nc6 Rd1 33. Ne7 Kf7 34. Nf5 Rh1 35. Kg2 Re1 36. Kf2 Rh1 37. Nxh4 Rxh3 38. Nf3 c5 39. f5 Ng5 40. Nxg5+ fxg5 41. Rxc5 Rh2+ 42. Kf3 Rxa2 43. Rc6 Ra4 44. Rg6 a5 45. Rxg5 Rb4 46. Rg6 a4 47. Ra6 1-0


[Site "https://www.chess.com"]

[Event "Titled Tuesday Blitz October 25 Early 2022"]
[White "Yuan, Qingyu"]
[Black "Sanal, Vahap"]
[WhiteFideId "8609772"]
[BlackFideId "6300545"]
[WhiteElo "2359"]
[BlackElo "2574"]
[Result "0-1"]
[Round "04"]
[TimeControl "180+1"]
[Date "2022.10.25"]
[WhiteClock "0:00:03"]
[BlackClock "0:00:46"]

1. d4 d6 2. Nf3 Nf6 3. Bf4 g6 4. e3 Bg7 5. h3 O-O 6. Be2 c5 7. c3 Qb6 8. Qb3 Be6 9. Qa3 cxd4 10. exd4 Nd5 11. Bh2 Bh6 12. Nbd2 Nf4 13. Bxf4 Bxf4 14. O-O Nd7 15. Bc4 Bxc4 16. Nxc4 Qc6 17. Qb3 b5 18. Ncd2 a5 19. a4 Rfb8 20. Qc2 bxa4 21. Rfb1 Nb6 22. Ra2 Bh6 23. Qd3 Rb7 24. Rba1 Rc8 25. Qa6 Qd5 26. h4 e5 27. dxe5 dxe5 28. Qe2 Rd8 29. Ne4 Bg7 30. Qe3 Nc4 31. Qe2 f5 32. Ng3 e4 33. Ng5 h6 34. Nh3 a3 35. bxa3 Qd3 36. Nf4 Qxe2 37. Ngxe2 Kf7 38. a4 g5 39. hxg5 hxg5 40. Nh3 Kg6 41. g3 Rd3 42. Kg2 Be5 43. Rc1 Rb3 44. Raa1 Rb2 45. Nd4 Rxg3+ 46. Kf1 Rxh3 47. Kg2 Rg3+ 48. Kf1 Bxd4 49. fxg3 Nd2+ 50. Ke1 Nf3+ 0-1


[Site "https://www.chess.com"]

[Event "Titled Tuesday Blitz October 25 Early 2022"]
[White "Zhigalko, Sergei"]
[Black "Tokhirjonova, Gulrukhbegim"]
[WhiteFideId "13502956"]
[BlackFideId "14203626"]
[WhiteElo "2662"]
[BlackElo "2236"]
[Result "1-0"]
[Round "04"]
[TimeControl "180+1"]
[Date "2022.10.25"]
[WhiteClock "0:00:23"]
[BlackClock "0:01:04"]

1. e4 e5 2. Nf3 Nc6 3. Bc4 Nf6 4. d3 h6 5. O-O d6 6. c3 g5 7. Re1 Bg7 8. a4 O-O 9. Nfd2 Ne7 10. Nf1 Ng6 11. Ng3 c6 12. Ba2 Kh8 13. Be3 Nf4 14. d4 Ng4 15. Nd2 Nd3 16. Rf1 Be6 17. Bxe6 Nxe3 18. fxe3 fxe6 19. Qc2 exd4 20. Qxd3 dxc3 21. bxc3 Qb6 22. Nc4 Qc5 23. Nxd6 Bxc3 24. Rac1 Rxf1+ 25. Nxf1 1-0


[Site "https://www.chess.com"]

[Event "Titled Tuesday Blitz October 25 Early 2022"]
[White "Zou, Chen"]
[Black "Lawson, Eric"]
[WhiteFideId "8610959"]
[BlackFideId "2604116"]
[WhiteElo "2325"]
[BlackElo "2551"]
[Result "1/2-1/2"]
[Round "04"]
[TimeControl "180+1"]
[Date "2022.10.25"]
[WhiteClock "0:00:34"]
[BlackClock "0:00:48"]

1. d4 d5 2. c4 c6 3. Nf3 Nf6 4. e3 e6 5. Nc3 Nbd7 6. Qc2 Bd6 7. Bd3 O-O 8. O-O b6 9. b3 Bb7 10. Bb2 Qe7 11. Rad1 Rad8 12. Rfe1 Rfe8 13. e4 dxe4 14. Nxe4 Nxe4 15. Bxe4 Nf6 16. Bd3 c5 17. dxc5 Bxc5 18. Ne5 Bb4 19. Bc3 Bxc3 20. Qxc3 Nd7 21. Ng4 h5 22. Ne3 Qg5 23. Bf1 h4 24. h3 Nf6 25. Rxd8 Rxd8 26. Rd1 Rxd1 27. Nxd1 Nh5 28. Ne3 Nf4 29. Kh2 Qc5 30. b4 Qd6 31. Kg1 Qc6 32. Kh2 Qc7 33. Kg1 Qc6 34. Kh2 Qc7 35. Kg1 Qc6 1/2-1/2


[Site "https://www.chess.com"]

[Event "Titled Tuesday Blitz October 25 Early 2022"]
[White "Aitbayev, Aslan"]
[Black "Zhigalko, Sergei"]
[WhiteFideId "13704613"]
[BlackFideId "13502956"]
[WhiteElo "2373"]
[BlackElo "2662"]
[Result "1/2-1/2"]
[Round "05"]
[TimeControl "180+1"]
[Date "2022.10.25"]
[WhiteClock "0:00:05"]
[BlackClock "0:00:08"]

1. e4 c5 2. Nf3 Nc6 3. Bb5 Nf6 4. Nc3 Qc7 5. O-O Nd4 6. Re1 a6 7. Bf1 e5 8. d3 h6 9. Nxd4 cxd4 10. Ne2 Be7 11. c3 dxc3 12. Nxc3 O-O 13. Be3 b5 14. Rc1 Qb8 15. d4 d6 16. dxe5 dxe5 17. Nd5 Nxd5 18. Qxd5 Be6 19. Qd1 Qb7 20. b3 Rfd8 21. Qf3 Rac8 22. h3 Rxc1 23. Rxc1 Ba3 24. Re1 Bb4 25. Rc1 Ba3 26. Re1 Bb2 27. Qg3 Kh8 28. Qh4 Qd7 29. Bxh6 Kg8 30. Re3 Bc1 31. Rd3 Qxd3 32. Bxd3 Rxd3 33. Bxc1 Rd1+ 34. Kh2 Rxc1 35. Qg5 Rc2 36. Qxe5 Rxf2 37. a4 Bxb3 38. axb5 axb5 39. Qxb5 Be6 40. Qb8+ Kh7 41. Qe5 Ra2 42. Qh5+ Kg8 43. Qg5 Rc2 44. Qd8+ Kh7 45. Qh4+ Kg8 46. Qf4 Rc4 47. Qe5 Rc8 48. h4 Kh7 49. Qh5+ Kg8 50. Qg5 Rc4 51. Qe5 Kh7 52. h5 Ra4 53. Kg3 Ra2 54. h6 Kxh6 55. Qf4+ Kh7 56. Qe5 Kg8 57. Qb8+ Kh7 58. Qe5 Ra8 59. Qh5+ Kg8 60. Qe5 Rc8 61. Kh2 Re8 62. Qg5 Bd7 63. Qd5 Be6 64. Qc6 Rc8 65. Qd6 Ra8 66. Qc6 Rd8 67. Qc7 Rc8 68. Qb7 Re8 69. Qc7 Rf8 70. Qd6 Rc8 71. Qe5 Ra8 72. Qd4 Re8 73. Qd6 Rf8 74. Qc6 Rc8 75. Qb5 Kh7 76. Qh5+ Kg8 77. Qb5 Rc4 78. Qb8+ Kh7 79. Qe5 g6 80. Kg3 Ra4 81. Kf3 Rc4 82. Qh2+ Kg8 83. Qb8+ Kg7 84. Qe5+ Kh7 85. Qh2+ Kg7 86. Qe5+ Kh7 1/2-1/2


[Site "https://www.chess.com"]

[Event "Titled Tuesday Blitz October 25 Early 2022"]
[White "Andreikin, Dmitry"]
[Black "Vachylia, Andrii"]
[WhiteFideId "4158814"]
[BlackFideId "14137224"]
[WhiteElo "2736"]
[BlackElo "2318"]
[Result "1-0"]
[Round "05"]
[TimeControl "180+1"]
[Date "2022.10.25"]
[WhiteClock "0:00:36"]
[BlackClock "0:00:01"]

1. c4 e5 2. Nc3 Nf6 3. Nf3 Nc6 4. e4 Bb4 5. d3 O-O 6. a3 Bxc3+ 7. bxc3 h6 8. g3 d6 9. Bg2 Nh7 10. Nh4 Ne7 11. O-O c6 12. Rb1 d5 13. cxd5 cxd5 14. a4 dxe4 15. Bxe4 Qc7 16. Ba3 Nf6 17. Bg2 Rd8 18. Re1 Nc6 19. Rb5 a6 20. Rc5 Bg4 21. Qb1 Nd7 22. Rc4 Be6 23. Rce4 Rac8 24. h3 Nf6 25. R4e2 Nd5 26. Bb2 Nb6 27. c4 Nxa4 28. Bxe5 Nxe5 29. Rxe5 Nc5 30. Nf5 Nxd3 31. Rxe6 fxe6 32. Rxe6 Qxc4 33. Qxb7 Rc7 34. Qb6 Qc5 35. Nxh6+ Kf8 36. Rf6+ gxf6 37. Qxf6+ Ke8 38. Qe6+ Kf8 39. Kh2 Re7 40. Qg8# 1-0


[Site "https://www.chess.com"]

[Event "Titled Tuesday Blitz October 25 Early 2022"]
[White "Arabidze, Meri"]
[Black "Perez Ponsa, Federico"]
[WhiteFideId "13604040"]
[BlackFideId "117927"]
[WhiteElo "2403"]
[BlackElo "2604"]
[Result "0-1"]
[Round "05"]
[TimeControl "180+1"]
[Date "2022.10.25"]
[WhiteClock "0:00:44"]
[BlackClock "0:00:21"]

1. Nf3 Nf6 2. g3 g6 3. b3 Bg7 4. Bb2 c5 5. Bg2 d6 6. O-O e5 7. c4 O-O 8. d3 Nc6 9. Nc3 Ne8 10. a3 Rb8 11. b4 Nc7 12. bxc5 dxc5 13. Nd2 Qd7 14. Nde4 b6 15. Nd5 Nxd5 16. cxd5 Ne7 17. Nc3 Nf5 18. a4 Nd6 19. Qc2 Qe7 20. Nb5 Ba6 21. Nxd6 Qxd6 22. f4 Rfe8 23. f5 c4 24. dxc4 Rbc8 25. Kh1 Rxc4 26. Qd2 Qb4 27. Qxb4 Rxb4 28. Ba3 Rxa4 29. fxg6 hxg6 30. d6 e4 31. Bh3 Bxa1 32. Rxa1 Rd8 33. Bb2 Rxa1+ 34. Bxa1 Rxd6 0-1


[Site "https://www.chess.com"]

[Event "Titled Tuesday Blitz October 25 Early 2022"]
[White "Beerdsen, Thomas"]
[Black "Dubov, Daniil"]
[WhiteFideId "1030108"]
[BlackFideId "24126055"]
[WhiteElo "2567"]
[BlackElo "2791"]
[Result "0-1"]
[Round "05"]
[TimeControl "180+1"]
[Date "2022.10.25"]
[WhiteClock "0:00:21"]
[BlackClock "0:00:42"]

1. e4 e5 2. Nf3 Nc6 3. Nc3 Nf6 4. d4 exd4 5. Nxd4 Bb4 6. Nxc6 bxc6 7. Bd3 O-O 8. O-O Re8 9. Bg5 h6 10. Bh4 Rb8 11. Qf3 Be7 12. e5 Nd5 13. Bxe7 Qxe7 14. Nxd5 cxd5 15. Qxd5 Rxb2 16. Rfe1 Bb7 17. Qd4 Rb4 18. Qc3 Bc6 19. Re3 a5 20. Rae1 h5 21. h3 h4 22. a3 Qg5 23. Bf1 Ra4 24. Rd3 Re6 25. Rd4 Rxd4 26. Qxd4 Rg6 27. f4 Qf5 28. Kh2 Qxc2 29. Re2 Qb1 30. Rf2 Rg3 31. f5 Qe4 32. Qc3 Rxc3 0-1


[Site "https://www.chess.com"]

[Event "Titled Tuesday Blitz October 25 Early 2022"]
[White "Bortnyk, Olexandr"]
[Black "Wieczorek, Oskar"]
[WhiteFideId "14120828"]
[BlackFideId "1133950"]
[WhiteElo "2723"]
[BlackElo "2404"]
[Result "0-1"]
[Round "05"]
[TimeControl "180+1"]
[Date "2022.10.25"]
[WhiteClock "0:00:04"]
[BlackClock "0:00:07"]

1. d4 d5 2. Nc3 e6 3. Bf4 Nf6 4. Nb5 Bb4+ 5. c3 Ba5 6. a4 a6 7. b4 Nc6 8. bxa5 axb5 9. axb5 Nxa5 10. e3 b6 11. Bd3 O-O 12. Bg5 Bb7 13. Nf3 Nc4 14. Rxa8 Bxa8 15. Qc2 h6 16. Bh4 Qd7 17. O-O Qxb5 18. Ra1 Ne4 19. Ne5 Qb2 20. Qxb2 Nxb2 21. Bxe4 dxe4 22. Ra7 Rc8 23. f4 f6 24. Ng4 Nc4 25. Bg3 h5 26. Nf2 Nxe3 27. f5 exf5 28. Bxc7 Nd5 29. Bd6 Nxc3 30. h4 Nb5 31. Rd7 Bc6 32. Re7 Nxd6 33. Nh3 Bd5 34. Rd7 Rc6 35. Nf4 Bf7 36. d5 Rc1+ 37. Kh2 Nc4 38. Rd8+ Kh7 39. Rd7 Ne5 40. Re7 Rd1 41. Kg3 Bxd5 42. Nxh5 Bf7 43. Nf4 b5 44. Rb7 Rb1 45. h5 b4 46. Ne2 b3 47. Nd4 Rd1 48. Nxf5 Rd7 49. Rb4 Nd3 50. Rb8 b2 51. Ne3 Ba2 52. h6 gxh6 53. Ng4 Kg7 54. Kh4 b1=Q 55. Rxb1 Bxb1 56. Ne3 Kg6 57. g4 Ne5 58. Nf5 Nf3+ 59. Kg3 Ng5 60. Kf4 Ne6+ 61. Kg3 Rd3+ 62. Kh4 Ng5 63. Ne3 Kf7 0-1


[Site "https://www.chess.com"]

[Event "Titled Tuesday Blitz October 25 Early 2022"]
[White "Colas, Joshua"]
[Black "Hambleton, Aman"]
[WhiteFideId "2044447"]
[BlackFideId "2606577"]
[WhiteElo "2347"]
[BlackElo "2538"]
[Result "1/2-1/2"]
[Round "05"]
[TimeControl "180+1"]
[Date "2022.10.25"]
[WhiteClock "0:00:07"]
[BlackClock "0:00:04"]

1. Nf3 d5 2. c4 c6 3. g3 Bf5 4. Bg2 e6 5. O-O Nf6 6. b3 h6 7. Bb2 Bd6 8. d3 O-O 9. Ne5 Nbd7 10. Nxd7 Qxd7 11. e4 dxe4 12. dxe4 Bg4 13. Qd2 Be7 14. h3 Qxd2 15. Nxd2 Bh5 16. f4 Rfd8 17. Nf3 Bc5+ 18. Kh2 Bxf3 19. Rxf3 Nxe4 20. f5 exf5 21. Rxf5 Bd4 22. Bxd4 Rxd4 23. Rf4 f5 24. Rxf5 Nf6 25. Rf2 Rad8 26. Re1 Rd2 27. Ree2 Rxe2 28. Rxe2 Kf7 29. Bf3 Rd3 30. Kg2 a5 31. Kf2 Rc3 32. Re3 Rc2+ 33. Re2 Rxe2+ 34. Kxe2 Ke6 35. Kd3 Ke5 36. c5 Nd5 37. a3 g6 38. Bg4 Nc7 39. Bc8 Ne6 40. b4 axb4 41. axb4 Nd8 42. Kc4 Ke4 43. b5 cxb5+ 44. Kxb5 Kf3 45. Kb6 Kxg3 46. Kc7 Nf7 47. Kxb7 Ne5 48. Be6 g5 49. Kc7 h5 50. Kd6 Kf4 51. Ke7 Ke4 52. Kd6 Kf4 53. Bd5 Kf5 54. Bb7 Kf4 55. Bc8 Ke4 56. Be6 Kf4 1/2-1/2


[Site "https://www.chess.com"]

[Event "Titled Tuesday Blitz October 25 Early 2022"]
[White "Costachi, Mihnea"]
[Black "Kuderinov, Kirill"]
[WhiteFideId "1217518"]
[BlackFideId "13701568"]
[WhiteElo "2437"]
[BlackElo "2465"]
[Result "0-1"]
[Round "05"]
[TimeControl "180+1"]
[Date "2022.10.25"]
[WhiteClock "0:00:03"]
[BlackClock "0:00:10"]

1. Nc3 d5 2. d4 Nf6 3. Bf4 c6 4. Qd3 g6 5. f3 Bg7 6. e4 O-O 7. O-O-O dxe4 8. fxe4 b5 9. Nf3 b4 10. Na4 Ba6 11. Qe3 Qa5 12. b3 Bb5 13. Ne5 Bxa4 14. bxa4 Qxa4 15. Bc4 Nbd7 16. h3 Nb6 17. Bb3 Qb5 18. Qd3 a5 19. Qxb5 cxb5 20. Nc6 Rfe8 21. Bc7 a4 22. Bxb6 axb3 23. Nxb4 bxc2 24. Kxc2 Nxe4 25. Rhe1 Rec8+ 26. Kb2 Nc3 27. Kb3 Na4 28. Nd5 Bf8 29. Bc5 Nxc5+ 30. dxc5 Rxc5 31. Nxe7+ Bxe7 32. Rxe7 Rf5 33. Rd2 h5 34. Re4 Rf1 35. Re5 Rb1+ 36. Kc3 Ra3+ 37. Kd4 Rb4+ 38. Kc5 Rb1 39. Re7 Rc3+ 40. Kb6 Rc8 41. Rf2 Rf8 42. Kc5 b4 43. Kc4 Rc8+ 44. Kb5 Rb8+ 45. Kc4 Rc8+ 46. Kd4 Rf8 47. Kc4 Kg7 48. Rd7 Rc8+ 49. Kd4 Rf8 50. Kc5 Rc8+ 51. Kd4 Rf8 52. Rc7 h4 53. Kc4 g5 54. Rc5 Kg6 55. Rc6+ f6 56. Rb6 Rc8+ 57. Kd4 Rd1+ 58. Ke3 Re8+ 59. Kf3 Rd3+ 60. Kg4 Re4+ 61. Rf4 Rxf4# 0-1


[Site "https://www.chess.com"]

[Event "Titled Tuesday Blitz October 25 Early 2022"]
[White "Eljanov, Pavel"]
[Black "Al Hosani, Omran"]
[WhiteFideId "14102951"]
[BlackFideId "9308733"]
[WhiteElo "2601"]
[BlackElo "2167"]
[Result "1-0"]
[Round "05"]
[TimeControl "180+1"]
[Date "2022.10.25"]
[WhiteClock "0:01:09"]
[BlackClock "0:00:29"]

1. c4 e5 2. Nc3 Nf6 3. g3 d5 4. cxd5 Nxd5 5. Bg2 Nb6 6. b3 Be7 7. Bb2 O-O 8. Nf3 Nc6 9. O-O Be6 10. Rc1 a6 11. Ne4 Nd7 12. d4 exd4 13. Nxd4 Nxd4 14. Qxd4 f6 15. Ng5 Nc5 16. Rxc5 Qxd4 17. Bxd4 Bxc5 18. Nxe6 Bxd4 19. Nxd4 c6 20. Bh3 Rfd8 21. e3 Kf7 22. Rc1 g6 23. b4 f5 24. Bf1 a5 25. b5 cxb5 26. Rc7+ Kf6 27. Bxb5 h6 28. h4 Rab8 29. a4 g5 30. Rc5 f4 31. gxf4 gxf4 32. Rf5+ Kg6 33. Rxf4 Rf8 34. Bd3+ Kh5 35. Nf5 Kg6 36. Rg4+ Kf6 37. Nxh6 Rfd8 38. Rg6+ Ke7 39. Bc4 Rdc8 40. Nf5+ Kd7 41. Be6+ 1-0


[Site "https://www.chess.com"]

[Event "Titled Tuesday Blitz October 25 Early 2022"]
[White "Faizrakhmanov, Ramil"]
[Black "Mirzoev, Azer"]
[WhiteFideId "24103209"]
[BlackFideId "13400304"]
[WhiteElo "2421"]
[BlackElo "2525"]
[Result "0-1"]
[Round "05"]
[TimeControl "180+1"]
[Date "2022.10.25"]
[WhiteClock "0:01:08"]
[BlackClock "0:00:50"]

1. d4 Nf6 2. c4 e6 3. Nf3 d5 4. Nc3 c6 5. e3 Nbd7 6. Be2 b6 7. O-O Bb7 8. b3 Be7 9. Bb2 O-O 10. Qc2 Rc8 11. e4 dxe4 12. Nxe4 Nxe4 13. Qxe4 Nf6 14. Qc2 c5 15. dxc5 Bxc5 16. Ng5 g6 17. Rad1 Qe7 18. Qc3 e5 19. Qxe5 Qxe5 20. Bxe5 Rce8 21. Bxf6 Rxe2 22. Rd7 Bc6 23. Rxa7 h6 24. Nf3 Bxf3 25. gxf3 g5 26. a3 Ra2 27. Be7 Bxe7 28. Rxe7 Rxa3 29. Rb1 Rd8 30. Rb7 Rd6 31. Rb2 Kg7 32. Kg2 Ra1 33. b4 Rc1 34. Rc7 Rdd1 35. b5 Rg1+ 36. Kh3 Rc3 0-1


[Site "https://www.chess.com"]

[Event "Titled Tuesday Blitz October 25 Early 2022"]
[White "Fernandez Guillen, Ernesto J."]
[Black "Predke, Alexandr"]
[WhiteFideId "3512428"]
[BlackFideId "24107581"]
[WhiteElo "2422"]
[BlackElo "2614"]
[Result "1-0"]
[Round "05"]
[TimeControl "180+1"]
[Date "2022.10.25"]
[WhiteClock "0:00:28"]
[BlackClock "0:00:06"]

1. e4 c5 2. Nf3 e6 3. d4 cxd4 4. Nxd4 Nc6 5. Nc3 Qc7 6. Be3 a6 7. Qd2 Nxd4 8. Bxd4 b5 9. O-O-O f6 10. Kb1 Nh6 11. Bd3 Nf7 12. f4 Bc5 13. Bxc5 Qxc5 14. e5 f5 15. g4 g6 16. gxf5 gxf5 17. Rhg1 b4 18. Na4 Qa5 19. b3 Rb8 20. Rg7 Kf8 21. Rdg1 Bb7 22. Qe2 h5 23. Qf2 Bc6 24. Qh4 Qd8 25. Qg3 Nh6 26. Qg6 Qh4 27. Kb2 a5 28. Qxh6 Rxh6 29. Rg8+ 1-0


[Site "https://www.chess.com"]

[Event "Titled Tuesday Blitz October 25 Early 2022"]
[White "Hasangatin, Ramil"]
[Black "Bacrot, Etienne"]
[WhiteFideId "4122160"]
[BlackFideId "605506"]
[WhiteElo "2358"]
[BlackElo "2666"]
[Result "1-0"]
[Round "05"]
[TimeControl "180+1"]
[Date "2022.10.25"]
[WhiteClock "0:02:56"]
[BlackClock "0:01:45"]

1. e4 c5 2. Nf3 d6 3. d4 cxd4 4. Qxd4 Nf6 5. e5 Nc6 6. Bb5 Qa5+ 7. Nc3 Qxb5 8. Nxb5 Nxd4 9. Nfxd4 dxe5 10. Nc7+ Kd7 11. Nxa8 exd4 12. Bf4 Nd5 13. O-O-O Nxf4 14. Rxd4+ Kc6 15. Rc4+ 1-0


[Site "https://www.chess.com"]